 Dungeon Crawl Stone Soup version 0.27-a0-448-gace5c5693b (webtiles) character file.

Game seed: 11800953073591601541

144 rednaxela the Vexing (level 5, -5/24 HPs)
             Began as a Spriggan Enchanter on Feb 28, 2021.
             Slain by a worm (11 damage)
             ... on level 2 of the Dungeon.
             The game lasted 00:08:38 (3479 turns).

rednaxela the Vexing (Spriggan Enchanter)           Turns: 3479, Time: 00:08:39

Health: -5/24      AC:  3    Str:  5    XL:     5   Next: 5%
Magic:  1/10       EV: 19    Int: 16    God:
Gold:   92         SH:  0    Dex: 16    Spells: 3/9 levels left

rFire    . . .     SeeInvis +   a - +1 dagger
rCold    . . .     Faith    .   (shield restricted)
rNeg     . . .     Spirit   .   k - +0 animal skin
rPois    .         Reflect  .   (helmet restricted)
rElec    .         Harm     .   e - +0 cloak
rCorr    .         Rampage  .   (gloves unavailable)
Will     .....                  (boots unavailable)
Stlth    +++.......             (no amulet)
HPRegen  0.08/turn              (no ring)
MPRegen  0.12/turn              (no ring)

@: very quick
A: very small, unfitting armour, see invisible, speed 3
a: no special abilities


You were on level 2 of the Dungeon.
You visited 1 branch of the dungeon, and saw 2 of its levels.

You collected 92 gold pieces.

Inventory:

Hand Weapons
 a - a +1 dagger (weapon)
Missiles
 c - 106 stones (quivered)
Armour
 e - a +0 cloak (worn)
   (You found it on level 1 of the Dungeon)
 k - a +0 animal skin (worn)
   (You took it off Robin on level 1 of the Dungeon)
Scrolls
 d - a scroll of blinking {unknown}
 f - a scroll of enchant weapon {unknown}
 g - a scroll of teleportation {unknown}
 i - a scroll of enchant armour {unknown}
 j - 2 scrolls of fog {unknown}
Potions
 b - a potion of curing {unknown}
 h - a potion of mutation {unknown}


   Skills:
 * Level 3.8 Short Blades
 + Level 4.1 Dodging
 - Level 4.5 Stealth
 - Level 2.6 Spellcasting
 + Level 4.6 Hexes


You had 3 spell levels left.
You knew the following spells:

 Your Spells              Type           Power        Failure   Level
a - Corona                Hex            18%          3%          1
b - Ensorcelled Hibernat  Hex/Ice        18%          12%         2
c - Confusing Touch       Hex            17%          9%          3

Your spell library contained the following spells:

 Spells                   Type           Power        Failure   Level
 Tukima's Dance           Hex            17%          9%          3
 Dazzling Flash           Conj/Hex       18%          22%         3


Dungeon Overview and Level Annotations

Branches:
Dungeon (2/15)

Altars:
Elyvilon
Fedhas
Ru


Innate Abilities, Weirdness & Mutations

You are very small and have problems with some larger weapons.
You are too small for most types of armour.
You have supernaturally acute eyesight. (SInv)
You cover ground extremely quickly.


Message History

You see here 19 arrows.
The helpless adder fails to defend itself.
You impale the adder!!
You kill the adder!
You have reached level 5!
You feel agile.
There is a sacrificial altar of Ru here.
b - a glowing amethyst potion You now have 92 gold pieces (gained 10).
Found a stone staircase leading down.
Found a stone staircase leading up.
A worm comes into view.
A worm is nearby!
Casting: Ensorcelled Hibernation (safe; 12% risk of failure)
Confirm with . or Enter, or press ? or * to list all spells.
Aiming: Ensorcelled Hibernation (safe; 12% risk of failure)
Press: ? - help, Shift-Dir - straight line, f - worm
Aim: a worm (chance to affect: 50%)
You miscast Ensorcelled Hibernation.
You are very lightly contaminated with residual magic.
Nothing appears to happen.
Casting: Ensorcelled Hibernation (safe; 12% risk of failure)
Confirm with . or Enter, or press ? or * to list all spells.
Aiming: Ensorcelled Hibernation (safe; 12% risk of failure)
Press: ? - help, Shift-Dir - straight line, f/p - worm
Aim: a worm (chance to affect: 50%)
You miscast Ensorcelled Hibernation.
Nothing appears to happen.
Casting: Ensorcelled Hibernation (safe; 12% risk of failure)
Confirm with . or Enter, or press ? or * to list all spells.
Aiming: Ensorcelled Hibernation (safe; 12% risk of failure)
Press: ? - help, Shift-Dir - straight line, f/p - worm
Aim: a worm (chance to affect: 50%)
The worm resists with some effort.
The worm barely misses you.
Casting: Ensorcelled Hibernation (safe; 12% risk of failure)
Confirm with . or Enter, or press ? or * to list all spells.
The spell is quite dangerous to cast (9% risk of failure)!
Continue anyway?
Your hands begin to glow red.
The worm bites you.
You hit the worm but do no damage.
The worm appears confused.
You hit the worm but do no damage. You hit the worm.
The worm is lightly wounded.
You hit the worm.
The worm is lightly wounded.
You hit the worm.
The worm is lightly wounded.
You hit the worm.
The worm is moderately wounded.
You hit the worm but do no damage.
The worm is moderately wounded.
You hit the worm but do no damage.
The worm is moderately wounded.
You hit the worm.
The worm is moderately wounded.
Your magical contamination has completely faded away.
You hit the worm.
The worm is moderately wounded.
The worm misses you.
You hit the worm.
The worm is heavily wounded.
You hit the worm but do no damage.
The worm is heavily wounded.
The worm barely misses you.
You hit the worm but do no damage.
The worm is heavily wounded.
You hit the worm.
The worm is heavily wounded.
The worm completely misses you.
You hit the worm.
The worm is severely wounded.
The worm seems less confused.
You hit the worm.
The worm is severely wounded.
The worm misses you.
You hit the worm.
The worm is almost dead.
You hit the worm.
The worm is almost dead.
The worm bites you!
* * * LOW HITPOINT WARNING * * *
You are too injured to fight recklessly!
You are too injured to fight recklessly!
You hit the worm but do no damage.
The worm is almost dead.
Casting: Confusing Touch (quite dangerous; 9% risk of failure)
Confirm with . or Enter, or press ? or * to list all spells.
The spell is quite dangerous to cast (9% risk of failure)!
Continue anyway?
Your hands begin to glow red.
The worm bites you.
* * * LOW HITPOINT WARNING * * *
You hit the worm but do no damage.
The worm is severely wounded.
The worm bites you.
* * * LOW HITPOINT WARNING * * *
You hit the worm but do no damage.
The worm appears confused.
The worm is severely wounded.
You hit the worm.
The worm is almost dead.
The worm bites you!
You die...

#..# ## ### #..##..
>.# #..##.# #.#
#..##.# #.#
#..##.########.#
#.. ......<.##.#
#.###.#####.##.####
#w@................
#####.####.##..####
#.# #.##..# #.#
#.##..# #.# #.##..#
#.####.##..#
#........#.####
######..###.^..
###.#.####


You could see a worm (confused).

Vanquished Creatures
  Jessica (D:2)
  Robin (D:1)
  6 adders (D:2)
  An ooze (D:1)
  A dart slug (D:2)
  A leopard gecko (D:1)
  6 bats
  A giant cockroach (D:1)
  11 goblins
  6 hobgoblins
  6 kobolds (D:1)
  A quokka (D:2)
  2 frilled lizards (D:1)
  5 rats
49 creatures vanquished.

Notes
Turn   | Place    | Note
-------+----------+-------------------------------------------
     0 | D:1      | rednaxela the Spriggan Enchanter began the quest for the
                  | Orb.
     0 | D:1      | Reached XP level 1. HP: 9/9 MP: 5/5
   317 | D:1      | Reached XP level 2. HP: 13/13 MP: 4/6
   321 | D:1      | Reached skill level 3 in Dodging
   496 | D:1      | Learned a level 2 spell: Ensorcelled Hibernation
   592 | D:1      | Reached skill level 2 in Short Blades
  1347 | D:1      | Reached skill level 4 in Hexes
  1560 | D:1      | Reached XP level 3. HP: 16/16 MP: 2/8
  1675 | D:1      | Learned a level 3 spell: Confusing Touch
  1821 | D:2      | Noticed Robin
  2462 | D:1      | Killed Robin
  2686 | D:2      | Reached skill level 3 in Short Blades
  2758 | D:2      | Found a sacrificial altar of Ru.
  2792 | D:2      | Reached XP level 4. HP: 21/21 MP: 2/9
  2875 | D:2      | Found a white marble altar of Elyvilon.
  2919 | D:2      | Noticed Jessica
  2925 | D:2      | Killed Jessica
  2928 | D:2      | Reached skill level 4 in Dodging
  3048 | D:2      | Found a blossoming altar of Fedhas.
  3353 | D:2      | Reached XP level 5. HP: 24/24 MP: 10/10
  3479 | D:2      | Slain by a worm

Illustrated notes

Levels and vault maps discovered:
D:1:      minmay_arrival_doors, layout_basic, minmay_pentomino_o4
D:2:      layout_loops_ring, nicolae_overflow_crystal_walls,
          overflow_temple_1_default, elyvilon_altar_3, uniq_robin, uniq_jessica,
          uniq_crazy_yiuf_cottage

Skill      XL: |  1  2  3  4 |
---------------+-------------+-----
Dodging        | 3 4 |  4.1
Short Blades   | 2 3 |  3.8
Hexes          | 4 |  4.6
Stealth        | |  4.5
Spellcasting   | |  2.6

Action                   |  1- 3 |  4- 6 || total
-------------------------+-------+-------++-------
Melee: Dagger            |   129 |    30 ||   159
Throw: Stone             |    16 |       ||    16
 Cast: Corona            |    12 |       ||    12
       Ensorcelled Hiber |    37 |    11 ||    48
       Confusing Touch   |     1 |     2 ||     3
 Stab: Sleeping          |    25 |     7 ||    32
       Confused          |     2 |       ||     2
Armor: Robe              |    12 |       ||    12
Dodge: Dodged            |    96 |    10 ||   106

Table legend: (Time is in decaauts)
 A = Elapsed time spent in this place.
 B = Non-inter-level travel time spent in this place.
 C = Inter-level travel time spent in this place.
 D = Time resting spent in this place.
 E = Time spent auto-exploring this place.
 F = Levels seen in this place.
 G = Mean time per level.
                   A        B        C        D        E       F      G
               +--------+--------+--------+--------+--------+-----+--------+
         Total |   2889 |   2859 |     30 |    848 |   1424 |   2 | 1444.5 |
       Dungeon |   2889 |   2859 |     30 |    848 |   1424 |   2 | 1444.5 |
               +--------+--------+--------+--------+--------+-----+--------+

Top non-repeatable levels by time:
     D:1: 2103 daAuts
     D:2: 786 daAuts
